 Dungeon Crawl Stone Soup version 0.31-a0-845-g9abc20d24f (webtiles) character file.

Game seed: 7026228828701243591

308 Kurtz the Chopper (level 6, 0/42 HPs)
             Began as an Octopode Fighter on Oct 2, 2023.
             Slain by a gnoll
             ... wielding a +0 whip
              (5 damage)
             ... on level 3 of the Dungeon.
             The game lasted 00:01:38 (2114 turns).

Kurtz the Chopper (Octopode Fighter)                Turns: 2114, Time: 00:01:38

Health: 0/42       AC:  1    Str: 15    XL:     6   Next: 40%
Magic:  6/6        EV: 12    Int: 10    God:
Gold:   147        SH:  8    Dex: 14    Spells: 5/5 levels left

rFire   . . .        a - +0 war axe
rCold   . . .        o - +0 kite shield
rNeg    . . .        (helmet restricted)
rPois   .            (no amulet)
rElec   .            (no ring)
rCorr   .            (no ring)
SInv    .            (no ring)
Will    .....        (no ring)
Stlth   ++           (no ring)
HPRegen 0.27/turn    (no ring)
MPRegen 0.10/turn    (no ring)
                     (no ring)

%: no passive effects
@: mighty
A: almost no armour, amphibious, 8 rings, camouflage 1, gelatinous body 1,
(nimble swimmer 1), tentacles
a: no special abilities


You were on level 3 of the Dungeon.
You visited 1 branch of the dungeon, and saw 3 of its levels.

You collected 147 gold pieces.

Inventory:

Hand Weapons
 a - a +0 war axe (weapon)
Missiles
 n - 5 poisoned darts
Armour
 b - a +0 buckler
 o - a +0 kite shield (worn)
Jewellery
 r - a +4 ring of protection
Scrolls
 e - 3 scrolls of identify {unknown}
 f - 4 scrolls of fog {unknown}
 l - a scroll of blinking {unknown}
 p - a scroll of enchant weapon {unknown}
 q - 3 scrolls of noise {unknown}
Potions
 g - 2 potions of brilliance {unknown}
 h - 2 potions of attraction {unknown}
 i - a potion of mutation {unknown}
 j - 2 potions of lignification {unknown}
 k - 2 potions of ambrosia {unknown}
 m - a potion of cancellation {unknown}


   Skills:
 - Level 3.0 Fighting
 * Level 6.4 Axes
 * Level 3.2 Dodging
 * Level 3.1 Shields


You had 5 spell levels left.
You didn't know any spells.
Your spell library contained the following spells:

 Spells                   Type           Power      Damage    Failure   Level
 Lesser Beckoning         Tloc           0%         N/A       87%         2
 Static Discharge         Conj/Air       0%         2-2/arc   87%         2
 Gell's Gravitas          Tloc           0%         N/A       98%         3
 Teleport Other           Tloc           0%         N/A       98%         3
 Airstrike                Air            0%         2d(0-16)  100%        4
 Summon Lightning Spire   Summ/Air       0%         N/A       100%        4


Dungeon Overview and Level Annotations

Branches:
Dungeon (3/15)

Altars:
Fedhas
Qazlal

Annotations:
D:3 2 transporters, arthad's ghost, amateur DEEE


Innate Abilities, Weirdness & Mutations

You cannot wear most types of armour.
You are amphibious.
You can wear up to eight rings at the same time.
Your skin changes colour to match your surroundings (Stealth+).
Your rubbery body absorbs attacks. (AC +1, EV +1)
((You are camouflaged when in or above water. (Stealth+)))
You have tentacles for arms and can constrict up to eight enemies at once.


Message History

Unknown command.
The gnoll misses you. The gnoll attacks as it pursues you!
The gnoll closely misses you.
An adder and a hound come into view.
Found 7 gold pieces.
The hound barks!
The adder misses you. The hound closely misses you.
Found a whip.
The hound barely misses you. The adder attacks as it pursues you!
The adder completely misses you. The adder barely misses you.
It was a potion of curing.
You feel better. The adder bites you.
You are poisoned.
The adder poisons you!
You feel very mighty all of a sudden.
You feel sick. You block the adder's attack.
You slash the adder!
You kill the adder!
You feel sick. The hound bites you.
You barely miss the hound. You grab the hound. You squeeze the hound!
The hound is heavily wounded.
You constrict the hound.
You feel sick. The hound bites you. The hound completely misses you.
You slash the hound!
You kill the hound!
You feel sick.
You are no longer poisoned.
You closely miss the gnoll. You grab the gnoll. You squeeze the gnoll.
The gnoll is almost dead.
You constrict the gnoll.
You kill the gnoll!
You hit the gnoll. You grab the gnoll.
The gnoll is almost dead.
You constrict the gnoll.
You kill the gnoll!
You barely miss the gnoll. You grab the gnoll. You constrict the gnoll.
The gnoll escapes!
The gnoll hits you with a +0 flail!
* * * LOW HITPOINT WARNING * * *
The gnoll hits you with a +0 whip.
You die...

###..#.##....############
............g..#........#
...##........g.#........#
.####...................#
....#.........#.........#
............####........#
.......##...# #........#
..#..####.#..####g#######
....[# .........@g#
........$........##
##.©.## ..).....# #####
#.......# . =.. #.......#
#=.. #.##......# ....#.
...#......#
#..©W.##..#......# #.
...... ......


You could see 2 gnolls.

Vanquished Creatures
  2 scorpions
  A hound (D:3)
  6 gnolls
  3 adders
  2 dart slugs (D:1)
  An orc (D:3)
  6 endoplasms
  A giant cockroach (D:1)
  10 goblins
  6 hobgoblins
  2 jackals (D:1)
  A quokka (D:2)
  5 ball pythons
  5 bats
  8 frilled lizards
  9 kobolds
  6 rats
74 creatures vanquished.

Notes
Turn   | Place    | Note
-------+----------+-------------------------------------------
     0 | D:1      | Kurtz the Octopode Fighter began the quest for the Orb.
     0 | D:1      | Reached XP level 1. HP: 16/16 MP: 1/1
    79 | D:1      | Reached XP level 2. HP: 18/21 MP: 2/2
   148 | D:2      | Reached skill level 3 in Axes
   190 | D:2      | Noticed a scorpion
   196 | D:2      | Killed a scorpion
   197 | D:2      | Reached skill level 4 in Axes
   197 | D:2      | Reached XP level 3. HP: 23/26 MP: 3/3
   197 | D:2      | Reached XP level 4. HP: 28/31 MP: 4/4
   695 | D:1      | Reached skill level 5 in Axes
   734 | D:1      | Reached XP level 5. HP: 36/36 MP: 5/5
   962 | D:1      | Found a faded altar of an unknown god.
  1711 | D:3      | Reached skill level 6 in Axes
  1711 | D:3      | Reached XP level 6. HP: 18/42 MP: 6/6
  2014 | D:3      | Found a blossoming altar of Fedhas.
  2014 | D:3      | Found a stormy altar of Qazlal.
  2022 | D:3      | Found a transporter.
  2022 | D:3      | Noticed arthad's ghost (amateur DEEE)
  2056 | D:3      | Found a transporter.
  2114 | D:3      | Slain by a gnoll

Illustrated notes

Levels and vault maps discovered:
D:1:      minmay_arrival_stone_box, layout_loops_cross,
          shapermc_ecumenical_altar_pompeii
D:2:      layout_loops_ring
D:3:      layout_rooms, grunt_temple_overflow_forces_of_nature,
          gammafunk_ghost_stat_death

Skill      XL: |  1  2  3  4  5 |
---------------+----------------+-----
Axes           | 4 5 6 |  6.4
Fighting       | |  3.0
Dodging        | |  3.2
Shields        | |  3.1

Action                     |  1- 3 |  4- 6 || total
---------------------------+-------+-------++-------
  Melee: War axe           |    26 |    99 ||   125
         Constrict         |     5 |    29 ||    34
         Tentacles         |     2 |    14 ||    16
         Punch             |       |     1 ||     1
    Use: Potion            |       |     2 ||     2
   Stab: Sleeping          |     1 |    14 ||    15
 Armour: Skin              |    13 |    43 ||    56
  Dodge: Dodged            |    15 |    44 ||    59
  Block: Buckler           |     4 |    11 ||    15
         Kite shield       |       |     7 ||     7

Table legend: (Time is in decaauts)
 A = Elapsed time spent in this place.
 B = Non-inter-level travel time spent in this place.
 C = Inter-level travel time spent in this place.
 D = Time resting spent in this place.
 E = Time spent auto-exploring this place.
 F = Levels seen in this place.
 G = Mean time per level.
                   A        B        C        D        E       F      G
               +--------+--------+--------+--------+--------+-----+--------+
         Total |   2155 |   2039 |    116 |    181 |   1411 |   3 |  718.3 |
       Dungeon |   2155 |   2039 |    116 |    181 |   1411 |   3 |  718.3 |
               +--------+--------+--------+--------+--------+-----+--------+

Top non-repeatable levels by time:
     D:2: 900 daAuts
     D:1: 803 daAuts
     D:3: 450 daAuts
